 Dungeon Crawl Stone Soup version 0.28-a0-474-g535839065c (webtiles) character file.

Game seed: 11942788584660532394

721 spiderkeys the Skirmisher (level 7, -1/49 HPs)
             Began as an Octopode Abyssal Knight on Sept 16, 2021.
             Was a Believer of Lugonu.
             Succumbed to a water moccasin's poison
             ... on level 6 of the Dungeon.
             The game lasted 00:03:35 (2816 turns).

spiderkeys the Skirmisher (Octopode Abyssal Knight) Turns: 2816, Time: 00:03:35

Health: -1/49      AC:  1    Str: 14    XL:     7   Next: 71%
Magic:  10/10      EV: 15    Int: 14    God:    Lugonu [**....]
Gold:   133        SH:  0    Dex: 17    Spells: 6/6 levels left

rFire   . . .      SeeInvis .   a - +1 spear
rCold   . . .      Faith    .   (no shield)
rNeg    . . .      Spirit   .   (helmet restricted)
rPois   .          Reflect  .   (no amulet)
rElec   .          Harm     .   D - +6 ring of dexterity
rCorr   .          Rampage  .   (no ring)
Will    .....      Rnd*Tele +   (no ring)
Stlth   +++.......              (no ring)
HPRegen 0.16/turn               (no ring)
MPRegen 0.12/turn               (no ring)
                                (no ring)
                                (no ring)

@: lethally poisoned (-1 -> -23)
A: almost no armour, amphibious, 8 rings, camouflage 1, gelatinous body 1,
(nimble swimmer 1), tentacles, [teleportitis 2]
a: Renounce Religion, Depart the Abyss, Bend Space


You were on level 6 of the Dungeon.
You worshipped Lugonu.
Lugonu was pleased with you.
You visited 1 branch of the dungeon, and saw 5 of its levels.
You visited the Abyss 1 time.

You collected 133 gold pieces.


Innate Abilities, Weirdness & Mutations

You cannot wear most types of armour.
You are amphibious.
You can wear up to eight rings at the same time.
Your skin changes colour to match your surroundings (Stealth+).
Your rubbery body absorbs attacks. (AC +1, EV +1)
((You are camouflaged near water. (Stealth+)))
You have tentacles for arms and can constrict up to eight enemies at once.
[You are sometimes teleported next to monsters.]


   Skills:
 + Level 4.9 Fighting
 + Level 4.3 Polearms
 + Level 4.6 Dodging
 + Level 2.2 Stealth
 + Level 4.7 Invocations


You had 6 spell levels left.
You didn't know any spells.
Your spell library was empty.

Inventory:

Hand Weapons
 a - a +1 spear (weapon)
Missiles
 b - 25 bolts
 d - 142 stones
 g - 36 arrows
 j - 15 sling bullets
 o - 14 poisoned darts
Magical Staves
 h - a staff of fire {!a}
   (You found it on level 3 of the Dungeon)
Jewellery
 D - a +6 ring of dexterity (left tentacle)
   (You found it on level 2 of the Abyss)
Scrolls
 i - a scroll of amnesia {unknown}
 k - a scroll of teleportation {unknown}
 l - a scroll of fear {unknown}
 n - 2 scrolls of identify {@r1}
Potions
 c - 2 potions of curing {@q1}
 e - a potion of attraction {unknown}
 f - a potion of berserk rage {unknown}
 m - a potion of flight {unknown}

Dungeon Overview and Level Annotations

Branches:
Dungeon (4/15)
 Temple: D:4-7

Altars:
Ashenzari
Hepliaklqana

#.......#.##.....##..
#.....#.#.##.##### .
###..........## ####.
##......#...###......
#......###.#...## ..
##....#..........#...
#...........#........
##.......##.##........
>##.....[..##...@....[..
...........##...........
#######....##.##........
#.......#. .........
#..##.#......##..... ##.
###.....## ..... #.
#.....# ....) .. .......
.... .. ...$...


There were no monsters in sight!


Message History

😕 HP[-3]
You take 3 damage, and now have 44/49 hp.
A scorpion is nearby!
You hit the scorpion. You constrict the scorpion.
The scorpion stings you. 😕 HP[-1]
You take 1 damage, and now have 43/49 hp.
You hit the scorpion. You constrict the scorpion.
You kill the scorpion!
Lugonu accepts your kill.
Your Stealth skill increases to level 2!
No target in view!
l - a scroll labelled CEHIPL KAFUCICW 😎 HP[+6]
Your hp is fully restored (49).
Found a stone staircase leading down.
You now have 133 gold pieces (gained 5).
Found a stone staircase leading up.
Found a runed hunting sling.
No target in view!
No target in view!
No target in view!
No target in view!
No target in view!
m - a white potion
n - a scroll of identify {@r1}
n - 2 scrolls of identify {@r1} (gained 1)
d - 142 stones (gained 16)
You fall into a shaft and drop 2 floors!
The shaft crumbles and collapses.
A jelly comes into view.
You reach to attack!
You hit the jelly.
You reach to attack!
You barely miss the jelly. You hit the jelly.
Your tentacles burn!
The jelly closely misses you.
You hit the jelly.
Your tentacles burn!
The jelly misses you. 😕 HP[-10]
You take 10 damage, and now have 39/49 hp.
MASSIVE DAMAGE!! (PAUSE)
You hit the jelly.
Your tentacles burn!
You squeeze the jelly.
You kill the jelly!
Lugonu accepts your kill. 😮 HP[-3]
You take 3 damage, and now have 36/49 hp. 😕 HP[+1]
Found a stone staircase leading down.
o - 14 poisoned darts 😕 HP[+1]
A water moccasin comes into view. 😎 HP[+11]
Your hp is fully restored (49).
You reach to attack!
The helpless water moccasin fails to defend itself.
You hit the water moccasin but do no damage.
You hit the water moccasin. You grab the water moccasin.
You constrict the water moccasin. The water moccasin barely misses you.
You hit the water moccasin but do no damage.
You constrict the water moccasin. The water moccasin closely misses you.
You hit the water moccasin. You constrict the water moccasin.
The water moccasin bites you.
You are poisoned.
The water moccasin poisons you! The water moccasin bites you.
You barely miss the water moccasin. Your squeeze misses the water moccasin.
You constrict the water moccasin.
You feel very sick. The water moccasin bites you.
You are more poisoned.
The water moccasin poisons you! 😮 HP[-16]
You take 16 damage, and now have 33/49 hp.
MASSIVE DAMAGE!! (PAUSE)
You hit the water moccasin but do no damage.
You constrict the water moccasin.
You feel very sick. The water moccasin bites you.
* * * LOW HITPOINT WARNING * * *
You are lethally poisoned!
The water moccasin poisons you! 😨 HP[-10]
You take 10 damage, and now have 23/49 hp.
MASSIVE DAMAGE!! (PAUSE)
You hit the water moccasin. You constrict the water moccasin.
* * * LOW HITPOINT WARNING * * *
You feel very sick.
The water moccasin barely misses you. 😨 HP[-6]
You take 6 damage, and now have 17/49 hp.
You hit the water moccasin. Your squeeze misses the water moccasin.
You constrict the water moccasin.
* * * LOW HITPOINT WARNING * * *
You feel very sick. The water moccasin bites you!
* * * LOW HITPOINT WARNING * * *
The water moccasin misses you. 😱 HP[-14]
You take 14 damage, and now have 3/49 hp.
MASSIVE DAMAGE!! (PAUSE)
You barely miss the water moccasin. You squeeze the water moccasin.
You constrict the water moccasin.
You kill the water moccasin!
Lugonu accepts your kill.
You die...

Skill      XL: |  1  2  3  4  5  6  7 |
---------------+----------------------+-----
Fighting       | 4 |  4.9
Polearms       | 4 |  4.3
Dodging        | 4 |  4.6
Invocations    | 4 |  4.7
Stealth        | 2 |  2.2

Action                   |  1- 3 |  4- 6 |  7- 9 || total
-------------------------+-------+-------+-------++-------
Melee: Spear             |     9 |       |   188 ||   197
       Tentacles         |     2 |       |    29 ||    31
       Constrict         |     1 |       |    32 ||    33
Invok: Depart the Abyss  |       |       |     1 ||     1
  Use: Scroll            |       |       |     3 ||     3
 Stab: Sleeping          |       |       |    28 ||    28
Armor: Skin              |       |       |     6 ||     6
Dodge: Dodged            |       |       |    71 ||    71

Levels and vault maps discovered:
D:1:      lemuel_arrival_room, layout_loops_ring, minmay_misc_feat_room
D:2:      layout_loops_ring, basic_altar,
          hellmonk_ecumenical_altar_leap_of_faith
D:3:      minmay_octagon_keep, layout_rooms, ashenzari_conservatory_becter,
          minmay_bisected
D:4:      layout_cave_pods, mainiacjoe_overflow_catwalk,
          nicolae_overflow_crystal_walls, minmay_temple_entry_statues
D:6:      layout_cave_pools, slow_altar_1, xom_teletrap_fun,
          nicolae_hepliaklqana_monster_ancestors,
          chequers_temple_overflow_minitemple

Notes
Turn   | Place    | Note
-------+----------+-------------------------------------------
     0 | Abyss:1  | spiderkeys the Octopode Abyssal Knight began the quest for
                  | the Orb.
     0 | Abyss:1  | Reached XP level 1. HP: 16/16 MP: 2/2
     0 | Abyss:1  | magus.rc [v1.9.10]
   100 | Abyss:2  | Noticed a glowing orange brain
   118 | Abyss:2  | Killed a glowing orange brain
   119 | Abyss:2  | Reached skill level 4 in Fighting
   119 | Abyss:2  | Reached skill level 4 in Polearms
   119 | Abyss:2  | Reached skill level 4 in Dodging
   119 | Abyss:2  | Reached skill level 4 in Invocations
   119 | Abyss:2  | Reached XP level 2. HP: 23/23 MP: 3/5
   119 | Abyss:2  | Reached XP level 3. HP: 27/27 MP: 3/6
   119 | Abyss:2  | Reached XP level 4. HP: 34/34 MP: 3/7
   119 | Abyss:2  | Reached XP level 5. HP: 38/38 MP: 3/8
   119 | Abyss:2  | Reached XP level 6. HP: 44/44 MP: 3/9
   119 | Abyss:2  | Reached XP level 7. HP: 49/49 MP: 3/10
   130 | Abyss:2  | Noticed a tentacled starspawn
   148 | Abyss:2  | Noticed a chaos spawn
   152 | Abyss:2  | Noticed a lich
   152 | Abyss:2  | Noticed an efreet
   161 | Abyss:2  | Noticed a wretched star
   166 | D:1      | You pass through the gate.
   166 | D:1      | Escaped the Abyss
   494 | D:1      | Reached * piety under Lugonu
  1540 | D:2      | Found a faded altar of an unknown god.
  1624 | D:2      | Reached skill level 1 in Stealth
  1629 | D:2      | Found a hazy altar of Hepliaklqana.
  1777 | D:3      | Reached ** piety under Lugonu
  2410 | D:3      | Found a broken altar of Ashenzari.
  2579 | D:4      | Reached skill level 2 in Stealth
  2699 | D:4      | You fall into a shaft and drop 2 floors!
  2815 | D:6      | HP: 3/49 [water moccasin (10)]
  2816 | D:6      | Succumbed to a water moccasin's poison

Vanquished Creatures
  A glowing orange brain (Abyss:2)
  A water moccasin (D:6)
  A scorpion (D:4)
  A jelly (D:6)
  4 adders
  5 worms
  2 dart slugs
  8 ball pythons
  11 endoplasms
  A giant cockroach (D:2)
  15 goblins
  6 hobgoblins
  A jackal (D:3)
  10 kobolds
  3 quokkas
  6 bats
  7 frilled lizards
  4 rats
87 creatures vanquished.

Table legend:
 A = Non-vault XP
 B = Vault XP
 C = Vault XP percentage of total XP
 D = Non-vault monster count
 E = Vault monster count
 F = Vault count percentage of total count
                 A         B        C        D         E       F
            +---------+---------+-------+---------+---------+-------
      Total |    1121 |      61 |   5.2 |      70 |      17 |  19.5
            +---------+---------+-------+---------+---------+-------
        D:1 |      36 |       0 |   0.0 |      20 |       0 |   0.0
        D:2 |      62 |       0 |   0.0 |      25 |       0 |   0.0
        D:3 |      43 |      61 |  58.7 |      20 |      17 |  45.9
        D:4 |      89 |       0 |   0.0 |       2 |       0 |   0.0
        D:6 |     194 |       0 |   0.0 |       2 |       0 |   0.0
    Abyss:2 |     697 |       0 |   0.0 |       1 |       0 |   0.0
            +---------+---------+-------+---------+---------+-------

Illustrated notes

Table legend:
 A = Kills in this place as a percentage of kills in entire the game.
 B = Kills by you in this place as a percentage of kills by you in the entire game.
 C = Kills by friends in this place as a percentage of kills by friends in the entire game.
 D = Other kills in this place as a percentage of other kills in the entire game.
 E = Experience gained in this place as a percentage of experience gained in the entire game.
 F = Experience gained in this place divided by the number of levels of this place that you have seen.
                   A       B       C       D       E      F
               +-------+-------+-------+-------+-------+----------------------
         Total | 100.0 | 100.0 |   N/A |   N/A | 100.0 | 168.9
       Dungeon |  98.9 |  98.9 |   N/A |   N/A |  41.0 |  97.0
         Abyss |   1.1 |   1.1 |   N/A |   N/A |  59.0 | 348.5
               +-------+-------+-------+-------+-------+----------------------

Table legend: (Time is in decaauts)
 A = Elapsed time spent in this place.
 B = Non-inter-level travel time spent in this place.
 C = Inter-level travel time spent in this place.
 D = Time resting spent in this place.
 E = Time spent auto-exploring this place.
 F = Levels seen in this place.
 G = Mean time per level.
                   A        B        C        D        E       F      G
               +--------+--------+--------+--------+--------+-----+--------+
         Total |   2793 |   2716 |     77 |     77 |   2118 |   7 |  399.0 |
       Dungeon |   2628 |   2551 |     77 |     77 |   2024 |   5 |  525.6 |
         Abyss |    165 |    165 |      0 |      0 |     94 |   2 |   82.5 |
               +--------+--------+--------+--------+--------+-----+--------+

Top non-repeatable levels by time:
     D:1: 816 daAuts
     D:2: 764 daAuts
     D:3: 741 daAuts
     D:4: 191 daAuts
     D:6: 115 daAuts
 Abyss:2: 107 daAuts
 Abyss:1: 58 daAuts
